 Dungeon Crawl Stone Soup version 0.24-a0-312-g16217b4 (webtiles) character file.

Game seed: 8772937147562276074

6806 MatthieuS the Spear-Bearer (level 11, -3/133 HPs)
             Began as a Merfolk Skald on May 14, 2019.
             Was the Champion of Okawaru.
             Slain by a hornet (10 damage)
             ... on level 9 of the Dungeon on May 15, 2019.
             The game lasted 00:30:26 (10619 turns).

MatthieuS the Spear-Bearer (Merfolk Skald)         Turns: 10619, Time: 00:30:27

Health: -3/133     AC: 25    Str: 16    XL:     11   Next: 5%
Magic:  1/17       EV:  2    Int: 15    God:    Okawaru [******]
Gold:   66         SH:  0    Dex: 15    Spells: 6/17 levels left

rFire    + + .     SeeInvis .   H - +0 trident (vamp) {!w}
rCold    . . .     Gourm    .   (no shield)
rNeg     + + +     Faith    .   (armour currently unavailable)
rPois    +         Spirit   .   (helmet currently unavailable)
rElec    .         Reflect  .   (cloak currently unavailable)
rCorr    .         Harm     .   (gloves currently unavailable)
MR       .....     NoTele   +   (boots currently unavailable)
Stlth    +++.......             w - amulet of regeneration
HPRegen  2.12/turn              f - ring of protection from fire
MPRegen  0.15/turn              J - ring of protection from fire

@: mighty, tree-form, heroism, very slightly contaminated, regenerating, slowed,
very slow
A: (change form in water), (swift swim), (stealthy swim), regeneration 1
a: Heroism, Finesse, Renounce Religion


You were on level 9 of the Dungeon.
You worshipped Okawaru.
Okawaru was exalted by your worship.
You were hungry.
You were a tree.
You visited 1 branch of the dungeon, and saw 9 of its levels.

You collected 582 gold pieces.
You spent 516 gold pieces at shops.

Inventory:

Hand Weapons
 a - a +0 spear
 A - a +2 dagger of venom
   (You took it off a goblin on level 5 of the Dungeon)
 F - a +0 halberd
   (You took it off an orc warrior on level 6 of the Dungeon)
 H - a +0 vampiric trident (weapon) {!w}
   (You found it on level 6 of the Dungeon)
Missiles
 p - a throwing net (quivered) {!f}
 I - 8 boomerangs of dispersal {!f}
Armour
 b - a +0 leather armour
 r - the +2 robe of Pakaysim (melded) {rElec rF- rN++ Slay+2}
   (You found it on level 4 of the Dungeon)

   It affects your accuracy and damage with ranged weapons and melee attacks
   (+2).
   It makes you vulnerable to fire.
   It insulates you from electricity.
   It greatly protects you from negative energy.
 y - a +0 hat (melded)
   (You found it on level 5 of the Dungeon)
 B - a +1 pair of boots of running
   (Okawaru gifted it to you on level 9 of the Dungeon)
Jewellery
 f - a ring of protection from fire (left branch)
   (You found it on level 5 of the Dungeon)
 j - an uncursed amulet of the gourmand
   (You found it on level 6 of the Dungeon)
 w - an amulet of regeneration (around neck)
   (You found it on level 5 of the Dungeon)
 J - a ring of protection from fire (right branch)
   (You found it on level 7 of the Dungeon)
Wands
 d - a wand of iceblast (5)
   (You found it on level 6 of the Dungeon)
 v - a wand of digging (5)
   (You found it on level 3 of the Dungeon)
 x - a wand of acid (7)
   (You found it on level 9 of the Dungeon)
 G - a wand of clouds (4)
   (You found it on level 8 of the Dungeon)
Scrolls
 g - 6 scrolls of amnesia
 i - 2 scrolls of teleportation {@r4}
 q - a scroll of blinking
 u - a scroll of magic mapping
 C - 4 scrolls of remove curse {@r2}
 E - a scroll of immolation {!r}
 M - a scroll of vulnerability {!r}
Potions
 c - 2 potions of flight
 h - 5 potions of curing {@q1}
 k - 2 potions of agility
 l - a potion of degeneration {unknown}
 m - 2 potions of haste {@q3}
 n - 3 potions of ambrosia {unknown}
 o - 2 potions of brilliance {unknown}
 s - a potion of cancellation {unknown}
 t - a potion of mutation {!q}
 z - a potion of might
 D - 3 potions of resistance
 K - a potion of berserk rage {unknown}
Comestibles
 e - 17 rations


   Skills:
 + Level 9.0(14.0) Fighting
 - Level 14.0(19.0) Polearms
 - Level 1.1(6.1) Armour
 + Level 5.4(10.4) Dodging
 + Level 3.7 Spellcasting
 + Level 2.9 Hexes
 + Level 5.1 Charms
 + Level 8.3 Invocations


You had 6 spell levels left.
You knew the following spells:

 Your Spells              Type           Power        Failure   Level  Hunger
a - Infusion              Chrm           ###.         2%          1    None
b - Spectral Weapon       Hex/Chrm       ##......     11%         3    ###....
c - Apportation           Tloc           #.....       19%         1    None
e - Regeneration          Chrm/Necr      ##........   21%         3    ###....
z - Animate Skeleton      Necr           N/A          19%         1    None
A - Shroud of Golubria    Chrm/Tloc      ##........   10%         2    ##.....

Your spell library contained the following spells:

 Spells                   Type           Power        Failure   Level  Hunger
 Song of Slaying          Chrm           ###.....     3%          2    ##.....
 Confusing Touch          Hex            ##....       5%          1    None
 Swiftness                Chrm/Air       ##......     10%         2    ##.....
 Beastly Appendage        Tmut           #.....       19%         1    None
 Flame Tongue             Conj/Fire      #....        19%         1    None
 Pain                     Necr           #...         19%         1    None
 Shock                    Conj/Air       #...         19%         1    None
 Summon Small Mammal      Summ           #...         19%         1    None
 Sticks to Snakes         Tmut           #.......     28%         2    ##.....
 Throw Flame              Conj/Fire      #.....       28%         2    ##.....
 Inner Flame              Hex/Fire       #.......     30%         3    ###....
 Conjure Flame            Conj/Fire      #.......     50%         3    ###....
 Spider Form              Tmut/Pois      #.........   50%         3    ###....
 Static Discharge         Conj/Air       #.......     50%         3    ###....
 Vampiric Draining        Necr           #.........   50%         3    ###....
 Airstrike                Air            #.........   88%         4    ####...
 Animate Dead             Necr           N/A          88%         4    ####...
 Ice Form                 Ice/Tmut       #.......     88%         4    ####...
 Sticky Flame             Conj/Fire      #.......     88%         4    ####...
 Blade Hands              Tmut           #.........   99%         5    ######.
 Fireball                 Conj/Fire      #.........   99%         5    ######.
 Lightning Bolt           Conj/Air       #.........   99%         5    ######.


Dungeon Overview and Level Annotations

Branches:
Dungeon (9/15)             Temple (0/1) D:4
   Lair: D:8-11         Orc: D:9-12

Altars:
Cheibriados
Fedhas
Gozag
Makhleb
Nemelex Xobeh
Okawaru
Ru
Sif Muna
Trog
Uskayaw
Xom
Yredelemnul
Zin
The Shining One

Shops:
D:5 }   D:7 !   D:8 (   D:9 }!!

Annotations:
D:9 1 transporter


Innate Abilities, Weirdness & Mutations

((You revert to your normal form in water))
((You are very nimble and swift while swimming.))
((You are very stealthy in the water. (Stealth+)))
((You are partially covered in iridescent scales. (AC +2)))
Your natural rate of healing is unusually fast.


Message History

Your spectral weapon shares its damage with you!
* * * LOW HITPOINT WARNING * * *
Really quaff
L - a potion of lignification {!q}?
Really quaff the potion of lignification?
You turn into a tree.
Your +0 hat melds into your body.
The +2 robe of Pakaysim {rElec rF- rN++ Slay+2} melds into your body.
Your roots penetrate the ground.
You feel sick.
The killer bee stings your spectral weapon but does no damage.
The queen bee stings your spectral weapon!
Your spectral weapon shares its damage with you!
Your spectral weapon fades away.
* * * LOW HITPOINT WARNING * * *
You feel better.
The killer bee stings you but does no damage.
The killer bee completely misses you.
The hornet stings you but does no damage.
The killer bee stings you but does no damage.
The hornet stings you.
* * * LOW HITPOINT WARNING * * *
You feel as though you will be slow longer.
Your skin crawls.
The killer bee barely misses you.
The killer bee stings you but does no damage.
The hornet stings you but does no damage.
The queen bee stings you!
* * * LOW HITPOINT WARNING * * *
The killer bee stings you but does no damage.
The hornet stings you.
* * * LOW HITPOINT WARNING * * *
The queen bee stings you but does no damage.
You feel better.
The killer bee stings you but does no damage. x2
The hornet stings you.
* * * LOW HITPOINT WARNING * * *
You feel as though you will be slow longer.
The killer bee stings you.
* * * LOW HITPOINT WARNING * * *
The queen bee stings you!
* * * LOW HITPOINT WARNING * * *
The hornet stings you but does no damage.
Okay, then.
Okay, then.
Okay, then.
You puncture the hornet!
You feel better.
The killer bee stings you but does no damage.
The hornet stings you.
* * * LOW HITPOINT WARNING * * *
The killer bee stings you but does no damage.
The queen bee stings you but does no damage.
The hornet stings you!
You die...

.......©.Z.......# .
.#############...# ..
# #!!©$(#####..#...
..%#..y#.y.###.#...
..#..###.y#..##.#...
# #.#..y#...###.#...
##..#..#####...... #
#y#...#...###.....
#..#♣y###..#..##...##
#..y#...#...###...#
#####..©..#####....#
.. ##########.....#
##
.....©.......#...##
##.....#####.#.....
.......# #.#.(...
#.......# #.#.....
#.......# #.######


You could see a queen bee, a hornet and a killer bee.

Vanquished Creatures
  A centaur warrior (D:9)
  A two-headed ogre (D:7)
  The ghost of waywinkle the Geomancer, a novice GrEE of Vehumet (D:9)
  Joseph (D:7)
  A wyvern (D:8)
  6 yaks (D:9)
  A hungry ghost (D:9)
  Menkaure (D:7)
  A water moccasin (D:8)
  3 ice beasts
  3 orc warriors
  A black bear (D:6)
  2 phantoms
  2 sky beasts
  3 ogres
  A necrophage (D:7)
  A centaur (D:5)
  A bullfrog (D:7)
  3 scorpions
  8 killer bees
  4 howler monkeys
  4 crimson imps
  A centaur zombie (D:8)
  5 hounds
  2 centaur skeletons
  2 jellies (D:8)
  4 orc priests
  6 orc wizards
  Jessica (D:3)
  Ijyb (D:5)
  An iguana (D:5)
  4 worker ants
  A hound skeleton (D:8)
  6 adders
  A gnoll (D:5)
  2 shadow imps
  An ooze (D:1)
  2 adder skeletons
  3 worms (D:2)
  A dart slug (D:2)
  10 leopard geckos
  28 orcs
  6 giant cockroaches
  10 goblins
  11 hobgoblins
  11 jackals
  A quokka (D:5)
  A ball python (D:2)
  4 bats
  6 frilled lizards
  2 gnoll zombies (D:8)
  5 kobolds
  5 leopard gecko skeletons
  A quokka skeleton (D:8)
  8 rats
203 creatures vanquished.

Vanquished Creatures (others)
  7 spectral weapons
7 creatures vanquished.

Grand Total: 210 creatures vanquished

Notes
Turn   | Place    | Note
-------+----------+-------------------------------------------
     0 | D:1      | MatthieuS the Merfolk Skald began the quest for the Orb.
     0 | D:1      | Reached XP level 1. HP: 16/16 MP: 3/3
   203 | D:1      | Reached XP level 2. HP: 19/22 MP: 0/5
   414 | D:1      | Learned a level 2 spell: Shroud of Golubria
   430 | D:1      | Reached skill level 1 in Armour
   983 | D:2      | Upgraded the game from 0.24-a0-309-g1095bca to
                  | 0.24-a0-312-g16217b4
  1002 | D:2      | Reached XP level 3. HP: 26/28 MP: 2/6
  1242 | D:2      | Learned a level 3 spell: Spectral Weapon
  1645 | D:2      | Reached XP level 4. HP: 32/34 MP: 0/7
  1710 | D:2      | Learned a level 1 spell: Apportation
  2027 | D:2      | Found a hide-covered altar of Uskayaw.
  2480 | D:2      | Reached skill level 4 in Polearms
  2626 | D:3      | Noticed Jessica
  2635 | D:3      | Killed Jessica
  2693 | D:3      | Reached XP level 5. HP: 20/41 MP: 3/8
  2949 | D:3      | Found a glowing silver altar of Zin.
  3081 | D:3      | Found a deep blue altar of Sif Muna.
  3089 | D:3      | Found an iron altar of Okawaru.
  3091 | D:3      | Found a sacrificial altar of Ru.
  3109 | D:3      | Became a worshipper of Warmaster Okawaru
  3209 | D:3      | Found a blossoming altar of Fedhas.
  3380 | D:4      | Noticed an ogre
  3394 | D:4      | Killed an ogre
  3394 | D:4      | Reached skill level 5 in Polearms
  3394 | D:4      | Reached skill level 1 in Invocations
  3576 | D:4      | Reached XP level 6. HP: 26/47 MP: 1/9
  3883 | D:4      | Reached skill level 6 in Polearms
  3886 | D:4      | Gained mutation: You are partially covered in iridescent
                  | scales. (AC +2) [potion of mutation]
  3886 | D:4      | Gained mutation: Your natural rate of healing is unusually
                  | fast. [potion of mutation]
  3991 | D:4      | Found a staircase to the Ecumenical Temple.
  4205 | D:4      | Reached * piety under Okawaru
  4215 | D:4      | Got a smoking robe
  4226 | D:4      | Identified the +2 robe of Pakaysim {rElec rF- rN++ Slay+2}
                  | (You found it on level 4 of the Dungeon)
  4379 | D:4      | Found an opulent altar of Gozag.
  4429 | D:4      | Reached skill level 7 in Polearms
  4437 | D:4      | Reached XP level 7. HP: 43/54 MP: 2/10
  4764 | D:5      | Entered Level 5 of the Dungeon
  4863 | D:5      | Reached skill level 8 in Polearms
  5098 | D:5      | Reached ** piety under Okawaru
  5098 | D:5      | Reached skill level 5 in Fighting
  5211 | D:5      | Reached XP level 8. HP: 62/62 MP: 6/11
  5286 | D:5      | Reached skill level 9 in Polearms
  5391 | D:5      | Noticed Ijyb
  5408 | D:5      | Killed Ijyb
  5557 | D:5      | Learned a level 1 spell: Animate Skeleton
  5561 | D:5      | Learned a level 3 spell: Regeneration
  5747 | D:5      | Found Gesuydgho's Gadget Emporium.
  5927 | D:5      | Found a bloodstained altar of Trog.
  6102 | D:5      | Reached skill level 10 in Polearms
  6397 | D:6      | Reached *** piety under Okawaru
  6397 | D:6      | Reached skill level 5 in Invocations
  6633 | D:6      | Found a blossoming altar of Fedhas.
  6716 | D:6      | Found a burning altar of Makhleb.
  6895 | D:6      | Reached skill level 11 in Polearms
  6895 | D:6      | Reached XP level 9. HP: 40/70 MP: 4/13
  7342 | D:6      | Found a glowing golden altar of the Shining One.
  7701 | D:7      | Noticed a two-headed ogre
  7715 | D:7      | Killed a two-headed ogre
  7715 | D:7      | Reached **** piety under Okawaru
  7715 | D:7      | Received a gift from Okawaru
  7715 | D:7      | Reached skill level 12 in Polearms
  7885 | D:7      | Noticed Joseph
  7896 | D:7      | Found Hugabui's Distillery.
  7908 | D:7      | Killed Joseph
  7912 | D:7      | Bought a potion of lignification for 36 gold pieces
  7912 | D:7      | Bought a potion of might for 48 gold pieces
  7912 | D:7      | Bought a potion of agility for 48 gold pieces
  7912 | D:7      | Bought a potion of haste for 120 gold pieces
  7912 | D:7      | Bought a potion of resistance for 120 gold pieces
  7912 | D:7      | Bought a potion of curing for 36 gold pieces
  7912 | D:7      | Bought a potion of curing for 36 gold pieces
  8081 | D:7      | Noticed Menkaure
  8207 | D:7      | Killed Menkaure
  8207 | D:7      | Reached skill level 13 in Polearms
  8220 | D:7      | Reached ***** piety under Okawaru
  8511 | D:8      | Reached XP level 10. HP: 77/78 MP: 13/15
  8543 | D:8      | Found Puud's Weapon Boutique.
  8742 | D:8      | Found a basalt altar of Yredelemnul.
  9042 | D:8      | Reached skill level 14 in Polearms
  9055 | D:8      | Found a shimmering altar of Xom.
  9280 | D:8      | Found a snail-covered altar of Cheibriados.
  9406 | D:8      | Found a sparkling altar of Nemelex Xobeh.
  9539 | D:9      | Found Vojes's Gadget Shoppe.
  9588 | D:9      | Reached skill level 1 in Hexes
  9636 | D:9      | Found Iroetzeg's Distillery.
  9662 | D:9      | Bought 2 potions of curing for 72 gold pieces
  9902 | D:9      | Noticed a centaur warrior
 10178 | D:9      | Killed a centaur warrior
 10299 | D:9      | Reached skill level 5 in Dodging
 10428 | D:9      | Found Arilonti's Distillery.
 10555 | D:9      | Noticed waywinkle's ghost (novice GrEE)
 10563 | D:9      | Found a transporter.
 10567 | D:9      | Found a transporter.
 10600 | D:9      | Killed waywinkle's ghost
 10600 | D:9      | Reached ****** piety under Okawaru
 10600 | D:9      | Received a gift from Okawaru
 10600 | D:9      | Reached skill level 5 in Charms
 10600 | D:9      | Reached XP level 11. HP: 75/85 MP: 1/17
 10617 | D:9      | HP: 4/133 [hornet (5)]
 10618 | D:9      | HP: 1/133 [queen bee (7)]
 10619 | D:9      | Slain by a hornet

Levels and vault maps discovered:
D:1:      dpeg_arrival_refuge, layout_loops_corners
D:2:      layout_basic, marbit_many_paths
D:3:      layout_loops_ring, minitemple, lemuel_round_altar, fedhas_altar_1,
          uniq_jessica
D:4:      layout_loops_ring, nicolae_gozag_seed_capital,
          minmay_temple_entry_glassed_door, first_ration, lightli_corner_chamber
D:5:      corexii_shack_village, layout_basic, lightli_temple_of_fire,
          serial_shops, shop, cheibrodos_gnoll_hut, uniq_ijyb
D:6:      layout_gridville, kennysheep_mini_moat, kennysheep_little_box,
          basic_altar
D:7:      layout_rooms, serial_shops, kennysheep_mini, grunt_ogre_cave,
          uniq_menkaure, uniq_joseph
D:8:      layout_loops_ring, nicolae_overflow_hidden_temple,
          cheibriados_altar_1, lemuel_crystal_altar,
          lemuel_zombie_altar_yredelemnul, serial_rivers,
          chequers_serial_rivers_micro_e, chequers_serial_rivers_room_a,
          chequers_serial_rivers_small_3, chequers_serial_rivers_small_3,
          serial_shops, shop
D:9:      layout_irregular_city, basic_altar, serial_shops, shop,
          nicolae_shop_trees, shop, shop, gammafunk_ghost_hive, uniq_grum

Skill      XL: |  1  2  3  4  5  6  7  8  9 10 11 |
---------------+----------------------------------+-----
Armour         | 1 |  1.1
Dodging        | 3 5 |  5.4
Polearms       | 4 5 7 8 11 13 14 | 14.0
Fighting       | 3 4 5 6 7 8 9 |  9.0
Invocations    | 1 2 3 5 6 8 |  8.3
Hexes          | 2 |  2.9
Charms         | 5 |  5.1
Spellcasting   | 3 |  3.7

Action                   |  1- 3 |  4- 6 |  7- 9 | 10-12 || total
-------------------------+-------+-------+-------+-------++-------
Melee: Spear             |   143 |   231 |   254 |       ||   628
       Lajatang          |       |       |     4 |       ||     4
       Trident           |       |       |   103 |   226 ||   329
       Halberd           |       |       |     5 |       ||     5
       Tailslap          |       |       |     2 |       ||     2
       Punch             |       |       |       |     1 ||     1
 Cast: Infusion          |    15 |     9 |    16 |     5 ||    45
       Shroud of Golubri |     1 |     2 |    17 |     9 ||    29
       Spectral Weapon   |       |       |     9 |    13 ||    22
       Regeneration      |       |       |     3 |     4 ||     7
       Animate Skeleton  |       |       |     2 |       ||     2
Invok: Heroism           |       |     1 |     2 |     2 ||     5
Evoke: Wand              |       |       |     3 |       ||     3
  Use: Potion            |       |     4 |       |     8 ||    12
       Scroll            |       |       |    10 |     4 ||    14
 Stab: Sleeping          |     1 |     5 |     4 |       ||    10
       Invisible         |       |     4 |       |       ||     4
       Paralysed         |       |       |     2 |       ||     2
       Distracted        |       |       |       |     1 ||     1
  Eat: Chunk             |     3 |     9 |    11 |     6 ||    29
       Ration            |       |       |     2 |     1 ||     3
Armor: Leather armour    |    20 |    33 |       |       ||    53
       Robe              |       |     4 |    49 |    20 ||    73
       Skin              |       |       |       |    13 ||    13
Dodge: Dodged            |    65 |   120 |   138 |    89 ||   412

Table legend:
 A = Non-vault XP
 B = Vault XP
 C = Vault XP percentage of total XP
 D = Non-vault monster count
 E = Vault monster count
 F = Vault count percentage of total count
                 A         B        C        D         E       F
            +---------+---------+-------+---------+---------+-------
      Total |    7809 |    1914 |  19.7 |     177 |      26 |  12.8
            +---------+---------+-------+---------+---------+-------
        D:1 |      31 |       0 |   0.0 |      15 |       0 |   0.0
        D:2 |      80 |       0 |   0.0 |      26 |       0 |   0.0
        D:3 |      39 |      37 |  48.7 |      13 |       1 |   7.1
        D:4 |     501 |       0 |   0.0 |      23 |       0 |   0.0
        D:5 |     954 |     162 |  14.5 |      24 |      16 |  40.0
        D:6 |     820 |       0 |   0.0 |      16 |       0 |   0.0
        D:7 |    1211 |     720 |  37.3 |      11 |       3 |  21.4
        D:8 |    1600 |       3 |   0.2 |      37 |       2 |   5.1
        D:9 |    2573 |     992 |  27.8 |      12 |       4 |  25.0
            +---------+---------+-------+---------+---------+-------
